 Dungeon Crawl Stone Soup version 0.30-a0-393-g54b8e3be05 (webtiles) character file.

Game seed: 7076093738223324313

209389 Deveroux the Acrobat (level 19, -3/125 (152) HPs)
             Began as a Merfolk Monk on Dec 4, 2022.
             Was the Champion of Okawaru.
             Slain by a jumping spider (8 damage)
             ... on level 4 of the Spider Nest on Dec 5, 2022.
             The game lasted 02:50:27 (26591 turns).

Deveroux the Acrobat (Merfolk Monk)                Turns: 26591, Time: 02:50:28

HP:   -3/125 (152)  AC:  0    Str: 12      XL:     19   Next: 23%
MP:   14/28         EV: 15    Int: 16      God:    Okawaru [******]
Gold: 2208          SH:  0    Dex: 19 (23) Spells: 21/30 levels left

rFire   + + .      SeeInvis +    a - +9 trident of the Shifting Oracle {spect, rF++ Will- Int+2}
rCold   + . .      Faith    .    K - +2 buckler {rC+}
rNeg    . . .      Spirit   .    w - +1 robe {Archmagi}
rPois   .          Reflect  .    d - +2 hat {Will+}
rElec   .          Harm     .    t - +1 cloak of the Wild Haggis {Will+ Int+4}
rCorr   .          Rampage  +    S - +1 pair of gloves
Will    +++..      Archmagi +    h - +2 pair of boots {rampage}
Stlth   +++.......               x - amulet of the acrobat
HPRegen 0.40/turn                o - ring of willpower
MPRegen 0.21/turn                G - ring of see invisible {sInv}

@: about to teleport, corroded, acrobatic, held, heavily drained
A: (nimble swimmer 2), mertail
a: Renounce Religion, Heroism, Finesse, Duel


You were on level 4 of the Spider Nest.
You worshipped Okawaru.
Okawaru was exalted by your worship.
You visited 5 branches of the dungeon, and saw 27 of its levels.
You also visited: Ice Cave.

You collected 3064 gold pieces.
You spent 856 gold pieces at shops.

Inventory:

Hand Weapons
 a - the +9 trident of the Shifting Oracle (weapon) {spect, rF++ Will- Int+2}
   (You found it on level 3 of the Dungeon)

   When its wielder attacks, the weapon's spirit leaps out and strikes again.
   The spirit shares a part of any damage it takes with its wielder.
   Int:       It affects your intelligence (+2).
   rF:        It greatly protects you from fire.
   Will:      It decreases your willpower.
 f - a +0 double sword
Missiles
 z - 3 throwing nets (quivered)
 D - 19 javelins
Armour
 d - a +2 hat of willpower (worn)
 h - a +2 pair of boots of rampaging (worn)
 t - the +1 cloak of the Wild Haggis (worn) {Will+ Int+4}
   (Okawaru gifted it to you on level 4 of the Lair of Beasts)

   Int:       It affects your intelligence (+4).
   Will:      It increases your willpower.
 v - the +0 robe of Ywoejos {Str+3 Int+4}
   (Okawaru gifted it to you on level 3 of the Spider Nest)

   Str:       It affects your strength (+3).
   Int:       It affects your intelligence (+4).
 w - a +1 robe of the Archmagi (worn)
 H - a +0 kite shield of cold resistance
 K - a +2 buckler of cold resistance (worn)
 S - a +1 pair of gloves (worn)
 T - the +2 hat of the Bear Spirit {Spirit, *Rage Will++}
   (Okawaru gifted it to you on level 9 of the Dungeon)

   Going berserk makes the wearer tougher, and they're slowed less afterward.
   *Rage:     It berserks you when you make melee attacks (+20% chance).
   Will:      It greatly increases your willpower.
 W - a scarf of resistance
Jewellery
 o - a ring of willpower (left hand)
 x - an amulet of the acrobat (around neck)
 B - a ring of wizardry {wiz+}
 G - a ring of see invisible (right hand) {sInv}
 Z - a ring of protection from fire {rF+}
Wands
 p - a wand of mindburst (2)
 u - a wand of digging (4)
 F - a wand of iceblast (15)
 M - a wand of paralysis (27)
 P - a wand of quicksilver (3)
 U - a wand of polymorph (8)
 X - a wand of flame (17)
Scrolls
 g - 2 scrolls of magic mapping
 l - 4 scrolls of blinking
 m - 8 scrolls of enchant armour
 q - 14 scrolls of fog
 r - 8 scrolls of teleportation
 y - 8 scrolls of fear
 A - 5 scrolls of enchant weapon
 I - a scroll of brand weapon
 N - 4 scrolls of amnesia
 O - a scroll of poison
 Q - 2 scrolls of immolation
Potions
 b - 4 potions of heal wounds
 c - 4 potions of ambrosia
 e - 8 potions of might
 i - 5 potions of brilliance
 j - 18 potions of curing
 k - 7 potions of haste
 n - 3 potions of cancellation
 s - 2 potions of resistance {unknown}
 C - 4 potions of lignification {unknown}
 E - 4 potions of berserk rage
 J - 7 potions of flight
 R - 3 potions of invisibility
 V - 4 potions of mutation


   Skills:
 - Level 14.0 Fighting
 - Level 7.0 Long Blades
 - Level 14.0 Polearms
 - Level 3.0 Armour
 + Level 23.7 Dodging
 - Level 3.0 Stealth
 - Level 10.0 Shields
 - Level 6.0 Spellcasting
 - Level 4.0 Translocations
 - Level 8.0 Transmutations
 - Level 2.0 Fire Magic
 + Level 7.0 Poison Magic
 - Level 10.0 Invocations
 - Level 5.0 Evocations


You had 21 spell levels left.
You knew the following spells:

 Your Spells              Type           Power      Damage    Failure   Level
a - Blink                 Tloc           52%        N/A       4%          2
b - Olgreb's Toxic Radia  Pois           41%        N/A       9%          4
c - Ignite Poison         Fire/Tmut/Pois 34%        N/A       4%          3

Your spell library contained the following spells:

 Spells                   Type           Power      Damage    Failure   Level
 Sting                    Tmut/Pois      100%       1d8       1%          1
 Passwall                 Tmut/Erth      21%        N/A       4%          2
 Poisonous Vapours        Pois/Air       48%        N/A       6%          2
 Lesser Beckoning         Tloc           52%        N/A       10%         3
 Momentum Strike          Conj/Tloc      32%        3d8       11%         2
 Kiss of Death            Conj/Necr      28%        2d7       16%         1
 Blade Hands              Tmut           22%        N/A       17%         5
 Kindle Blastsparks       Fire/Tloc/Air  32%        2d12      22%         3
 Ensorcelled Hibernation  Hex/Ice        14%        N/A       24%         2
 Sublimation of Blood     Necr           7%         N/A       24%         2
 Petrify                  Tmut/Erth      26%        N/A       30%         4
 Inner Flame              Hex/Fire       12%        N/A       32%         3
 Confusing Touch          Hex            7%         N/A       43%         3
 Swiftness                Air            7%         N/A       43%         3
 Irradiate                Conj/Tmut      13%        3d16      65%         5
 Yara's Violent Unravell  Hex/Tmut       13%        3d7       65%         5
 Flame Wave               Conj/Fire      12%        2d6       71%         4
 Sticky Flame             Conj/Fire      12%        2d4       71%         4
 Dispel Undead            Necr           7%         3d8       85%         4
 Fireball                 Conj/Fire      6%         3d5       96%         5
 Freezing Cloud           Conj/Ice/Air   3%         6-21      99%         5
 Iskenderun's Battlesphe  Conj           7%         2d6       99%         5
 Dragon Form              Tmut           22%        N/A       99%         7
 Conjure Ball Lightning   Conj/Air       3%         3x3d6     100%        6
 Enfeeble                 Hex            3%         N/A       100%        7
 Orb of Destruction       Conj           3%         9d5       100%        7
 Storm Form               Tmut/Air       13%        N/A       100%        7
 Discord                  Hex            3%         N/A       100%        8
 Disjunction              Tloc           13%        N/A       100%        8
 Maxwell's Capacitive Co  Air            3%         ∞         100%        8
 Animate Dead             Necr           Unusable   N/A       N/A         4
 Summon Lightning Spire   Summ/Air       Unusable   N/A       N/A         4
 Haunt                    Necr/Summ      Unusable   N/A       N/A         7
 Infestation              Necr           Unusable   N/A       N/A         8

Dungeon Overview and Level Annotations

Branches:
Dungeon (15/15) Zot: 26050  Temple (1/1) D:4 Zot: 5952    Lair (5/5) D:8 Zot: 24467
 Shoals (0/4) Lair:3       Spider (4/4) Lair:2 Zot: 19815   Slime (0/5) Lair:4
    Orc (2/2) D:9 Zot: 8670     Elf (0/3) Orc:2        Vaults (0/5) D:13
 Depths (0/4) D:15          IceCv (visited)

Altars:
Ashenzari
Cheibriados
Dithmenos
Elyvilon
Fedhas
Gozag
Hepliaklqana
Kikubaaqudgha
Makhleb
Nemelex Xobeh
Okawaru
Qazlal
Ru
Sif Muna
Trog
Uskayaw
Vehumet
Wu Jian
Xom
Yredelemnul
Zin
The Shining One
Lugonu

Shops:
D:9 (   D:13 *(((   Orc:2 [[*(

Portals:
Abyss: Lair:5

Annotations:
Spider:4 Donald


Innate Abilities, Weirdness & Mutations

((You are very nimble when in or above water. (Stealth+, EV+, Speed+++)))
Your lower body shifts to a powerful aquatic tail in water.


Message History

The entropic weave corrodes you!
The jumping spider leaps!
As you read the scroll of magic mapping, it crumbles to dust.
You feel aware of your surroundings.
Your toxic aura wanes.
The orb spider weaves a glowing orb of energy.
The entropy weaver casts a spell at you.
The entropic weave corrodes you!
An orb of destruction comes into view.
Donald blocks the orb of destruction.
The orb of destruction dissipates.
Donald says, "I hate venom.
I hate getting bitten."
Casting: Olgreb's Toxic Radiance (dangerous; 9% risk of failure)
Confirm with . or Enter, or press ? or * to list all spells.
Okay, then.
As you read the scroll of teleportation, it crumbles to dust.
You feel strangely unstable.
You feel stable enough to blink again.
The jumping spider leaps!
You block Donald's attack.
The jumping spider completely misses you.
The jumping spider bites you.
Your magical contamination has completely faded away.
The jumping spider looks more healthy.
The jumping spider leaps! x2
Donald completely misses you.
The jumping spider attacks as you move away!
The jumping spider completely misses you.
You block the jumping spider's attack.
The orb spider spins a strand of pure energy.
The jumping spider attacks as you move away!
You block the jumping spider's attack.
The jumping spider completely misses you.
Donald says, "I hate crawling things."
Donald hits you with a +1 scimitar of draining!!!
* * * LOW HITPOINT WARNING * * *
You feel drained.
* * * LOW HITPOINT WARNING * * *
The jumping spider pounces on you!
* * * LOW HITPOINT WARNING * * *
You are caught in a web!
The jumping spider bites you!
You die...

...#..#..........#......~#**,***,
...^.<#^...#......†.....^#*,,^**^
#^....######.^..........##,,,,,**
#####.#**,*######...s...^.,,,,,,,
#.^..##,,,,*#...........##,,,,,**
.....#****,,##..B........#*,,,**^
....## **,,....#^........#**,***,
.#### *,,*#..*#@.........^*,*,,,
## ***,#***#@s~#.#~^..,,,,,,, #
*** *#.###.###..,,,,~~* #
*^~#*,..**~.,,,~*** #
####,,...**,,,,~**, #
*,^,,,,.s.,,,,,**,,
****,,,,.##,,,,,,,,
*,**,,^**^,,,,**,^
**,***,***^,,,,,*,,
*,^^,*^*,~,,,,,,***


You could see Donald (fast, strong), an entropy weaver (very poisoned), an orb
spider (charged, poisoned) and a jumping spider (poisoned).

Vanquished Creatures
  Saint Roka (Arena)
  Jorgrun (Orc:2)
  Frances (D:12)
  Kirke (Spider:2)
  2 ghost moths (Spider:2)
  2 broodmothers (Spider:2)
  A stone giant (Orc:2)
  A dire elephant (D:15)
  Azrael (Arena)
  2 spark wasps
  2 ettins (Orc:2)
  6 entropy weavers
  Josephine (Lair:5)
  A death knight (D:14)
  Erolcha (Orc:2)
  7 centaur warriors
  2 boulder beetles
  3 jorogumos
  2 hydras
  An ogre mage (D:13)
  2 catoblepae
  7 two-headed ogres
  4 radroaches
  Urug (Lair:5)
  3 thrashing horrors (Lair:5)
  An orc high priest (Orc:2)
  A deep elf knight (D:13)
  5 large abominations (Lair:5)
  A fire crab (Lair:4)
  4 pharaoh ants
  4 steelbarb worms
  10 orb spiders
  4 skeletal warriors
  2 bog bodies (IceCv)
  12 orc knights
  2 manticores
  9 wolf spiders
  6 orc sorcerers
  8 ugly things
  4 cyclopes
  4 deep elf pyromancers (D:13)
  3 moths of wrath
  7 elephants
  3 black mambas
  A torpor snail (Spider:2)
  4 orange demons (D:10)
  A smoke demon (Lair:5)
  Maggie (D:7)
  2 gargoyles
  An ice statue (IceCv)
  A rime drake (Lair:4)
  Psyche (D:11)
  3 freezing wraiths (D:14)
  2 kobold demonologists (D:13)
  12 komodo dragons
  7 demonic crawlers
  A tengu conjurer (D:15)
  16 cane toads
  An efreet (D:15)
  3 ice devils
  An anaconda simulacrum (IceCv)
  An ancient zyme (Lair:5)
  5 trolls
  12 tarantellas
  4 red devils (D:10)
  4 polar bears
  2 hornets
  6 meliai
  A wind drake (shapeshifter) (D:15)
  2 saltlings (Orc:2)
  11 blink frogs
  4 slime creatures (D:15)
  A shadow (D:6)
  23 jumping spiders
  9 wraiths
  2 ynoxinuls (Lair:5)
  27 culicivoras
  Sigmund (D:3)
  A vampire (D:10)
  2 spriggans (Lair:5)
  A dire elephant simulacrum (IceCv)
  2 fire elementals (Orc:2)
  2 wyverns
  7 basilisks
  29 yaks
  3 hogs (Spider:2)
  A human (Spider:2)
  A hog (shapeshifter) (Lair:5)
  37 redbacks
  4 vampire mosquitoes
  A redback simulacrum (D:13)
  2 chaos spawn (Lair:5)
  A death yak simulacrum (IceCv)
  4 wargs (Orc:1)
  2 harpy simulacra (IceCv)
  15 water moccasins
  A hydra simulacrum (IceCv)
  2 acid dragons
  4 hell hounds (Orc:2)
  2 sky beasts
  A hornet zombie (D:6)
  21 orc warriors
  A black bear (Lair:2)
  3 ice beasts
  6 wolves (Lair:2)
  13 ogres
  17 centaurs
  3 phantoms
  6 kobold brigands
  9 bullfrogs
  A necrophage (D:5)
  2 wyvern zombies (D:6)
  2 scorpions
  2 cane toad simulacra (IceCv)
  4 two-headed ogre simulacra (IceCv)
  A gnoll sergeant (D:7)
  A water moccasin zombie (D:6)
  6 wights (D:9)
  12 small abominations (Lair:5)
  3 elephant simulacra (IceCv)
  9 killer bees
  4 howler monkeys
  2 electric eels (Lair:3)
  2 lava snakes (Lair:5)
  A bullfrog zombie (D:6)
  4 hounds
  3 gnoll boudas
  A jelly (D:5)
  A centaur skeleton (D:6)
  12 orc priests
  Terence (D:3)
  Jessica (D:3)
  2 iguanas
  26 orc wizards
  6 troll simulacra (IceCv)
  2 hell rats (Lair:3)
  2 polar bear simulacra (IceCv)
  2 wolf simulacra (IceCv)
  A spriggan simulacrum (IceCv)
  3 killer bee zombies (D:6)
  17 gnolls
  An adder (D:5)
  9 naga simulacra (IceCv)
  6 river rats (Lair:3)
  8 white imps
  12 ufetubi
  A dart slug (D:1)
  75 orcs
  6 endoplasms
  3 giant cockroaches
  2 goblins
  7 hobgoblins
  6 jackals
  A quokka (D:3)
  8 ball pythons
  6 bats
  4 frilled lizards
  31 kobolds
  9 rats
854 creatures vanquished.

Vanquished Creatures (others)
  An acid dragon (D:14)
  3 orcs (Orc:2)
  12 fungi
  14 pillars of salt (Orc:2)
  25 plants
55 creatures vanquished.

Grand Total: 909 creatures vanquished

Notes
Turn   | Place    | Note
-------+----------+-------------------------------------------
     0 | D:1      | Deveroux the Merfolk Monk began the quest for the Orb.
     0 | D:1      | Reached XP level 1. HP: 18/18 MP: 1/1
   118 | D:1      | Reached XP level 2. HP: 24/24 MP: 2/2
   205 | D:1      | Found a faded altar of an unknown god.
   640 | D:2      | Reached skill level 4 in Long Blades
   640 | D:2      | Reached XP level 3. HP: 29/29 MP: 3/3
  1120 | D:3      | Noticed Jessica
  1130 | D:3      | Killed Jessica
  1131 | D:3      | Reached skill level 4 in Fighting
  1131 | D:3      | Reached skill level 3 in Stealth
  1131 | D:3      | Reached XP level 4. HP: 19/37 MP: 4/4
  1372 | D:3      | Noticed Sigmund
  1389 | D:3      | Killed Sigmund
  1390 | D:3      | Reached skill level 5 in Fighting
  1390 | D:3      | Reached skill level 5 in Long Blades
  1390 | D:3      | Reached skill level 5 in Dodging
  1390 | D:3      | Reached XP level 5. HP: 44/44 MP: 5/5
  1427 | D:3      | Reached XP level 6. HP: 46/51 MP: 6/6
  1432 | D:3      | Reached skill level 6 in Long Blades
  1818 | D:3      | Noticed Terence
  1829 | D:3      | Identified the +9 trident of the Shifting Oracle {spect,
                  | rF++ Will- Int+2}
  1843 | D:3      | Killed Terence
  1900 | D:3      | Reached skill level 1 in Polearms
  2369 | D:4      | Found a staircase to the Ecumenical Temple.
  2407 | Temple   | Entered the Ecumenical Temple
  2449 | Temple   | Became a worshipper of Warmaster Okawaru
  2449 | Temple   | Reached * piety under Okawaru
  2449 | Temple   | Reached ** piety under Okawaru
  2497 | D:4      | Found a glowing silver altar of Zin.
  2663 | D:4      | Reached skill level 2 in Polearms
  2764 | D:4      | Reached skill level 7 in Long Blades
  2764 | D:4      | Reached skill level 3 in Polearms
  2764 | D:4      | Reached XP level 7. HP: 56/56 MP: 7/7
  2767 | D:4      | Reached skill level 4 in Polearms
  2857 | D:4      | Reached skill level 5 in Polearms
  3114 | D:5      | Entered Level 5 of the Dungeon
  3132 | D:5      | Reached skill level 6 in Polearms
  3224 | D:5      | Reached *** piety under Okawaru
  3225 | D:5      | Reached skill level 7 in Polearms
  3230 | D:5      | Reached XP level 8. HP: 62/62 MP: 8/8
  3287 | D:5      | Reached skill level 8 in Polearms
  3424 | D:5      | Received a gift from Okawaru
  3425 | D:5      | Reached skill level 9 in Polearms
  3716 | D:6      | Reached skill level 10 in Polearms
  3762 | D:6      | Reached skill level 6 in Dodging
  3833 | D:6      | Reached skill level 7 in Dodging
  3907 | D:6      | Reached XP level 9. HP: 68/68 MP: 9/9
  3932 | D:6      | Learned a level 2 spell: Blink
  3939 | D:6      | Reached **** piety under Okawaru
  3940 | D:6      | Reached skill level 1 in Spellcasting
  3940 | D:6      | Reached skill level 1 in Translocations
  4011 | D:6      | Reached skill level 8 in Dodging
  4011 | D:6      | Reached skill level 1 in Invocations
  4217 | D:7      | Reached skill level 2 in Spellcasting
  4274 | D:7      | Reached skill level 2 in Translocations
  4274 | D:7      | Reached skill level 2 in Invocations
  4389 | D:7      | Reached skill level 9 in Dodging
  4393 | D:7      | Reached ***** piety under Okawaru
  4431 | D:7      | Noticed Maggie
  4610 | D:7      | Reached skill level 10 in Dodging
  4803 | D:7      | Killed Maggie
  4804 | D:7      | Reached skill level 11 in Polearms
  4809 | D:7      | Reached XP level 10. HP: 74/74 MP: 13/13
  4950 | D:8      | Reached skill level 12 in Polearms
  5520 | D:8      | Reached skill level 13 in Polearms
  5618 | D:8      | Found a staircase to the Lair.
  5804 | D:9      | Found a staircase to the Orcish Mines.
  5805 | D:9      | Found Egokol's Weapon Emporium.
  5962 | D:9      | Found a radiant altar of Vehumet.
  5980 | D:9      | Found a blossoming altar of Fedhas.
  5992 | D:9      | Reached skill level 14 in Polearms
  6045 | D:9      | Received a gift from Okawaru
  6045 | D:9      | Found the +2 hat of the Bear Spirit {Spirit, *Rage Will++}
  6408 | D:10     | Entered Level 10 of the Dungeon
  6588 | D:10     | Noticed a gargoyle
  6596 | D:10     | Killed a gargoyle
  6597 | D:10     | Reached skill level 3 in Spellcasting
  6739 | D:10     | Noticed an orange demon
  6739 | D:10     | Noticed an orange demon
  6739 | D:10     | Noticed an orange demon
  6763 | D:10     | Killed an orange demon
  6764 | D:10     | Reached skill level 3 in Translocations
  6780 | D:10     | Reached skill level 6 in Fighting
  6780 | D:10     | Reached skill level 3 in Invocations
  6780 | D:10     | Reached XP level 11. HP: 69/81 MP: 14/16
  6851 | D:10     | Reached skill level 11 in Dodging
  7036 | D:10     | Reached skill level 4 in Spellcasting
  7036 | D:10     | Reached skill level 4 in Invocations
  7439 | Lair:1   | Entered Level 1 of the Lair of Beasts
  7494 | Lair:1   | Reached skill level 4 in Translocations
  7541 | Lair:1   | Reached skill level 7 in Fighting
  7560 | Lair:1   | Reached skill level 5 in Invocations
  7640 | Lair:1   | Noticed a catoblepas
  7653 | Lair:1   | Killed a catoblepas
  7653 | Lair:1   | Reached ****** piety under Okawaru
  7654 | Lair:1   | Reached skill level 12 in Dodging
  7709 | Lair:1   | Received a gift from Okawaru
  7739 | Lair:1   | Reached skill level 8 in Fighting
  7953 | Lair:1   | Reached skill level 6 in Invocations
  7959 | Lair:1   | Identified the +3 scale mail of Daat {rPois rC+ Regen+
                  | Int-5}
  7990 | Lair:1   | Reached XP level 12. HP: 94/94 MP: 18/18
  8713 | Lair:2   | Received a gift from Okawaru
  8714 | Lair:2   | Reached skill level 13 in Dodging
  8714 | Lair:2   | Reached skill level 7 in Invocations
  8840 | Lair:2   | Reached skill level 9 in Fighting
  8890 | Lair:2   | Found a hole to the Spider Nest.
  8890 | Lair:2   | You fall into a shaft and drop 1 floor!
  8957 | Lair:2   | HP: 19/95 [culicivora (14)]
  8958 | Arena    | Entered the Arena
  8958 | Arena    | HP: 3/95 [culicivora (13)]
  9470 | Lair:2   | Reached skill level 8 in Invocations
 10029 | Lair:3   | Found a staircase to the Shoals.
 10663 | Lair:4   | Reached skill level 10 in Fighting
 10663 | Lair:4   | Reached skill level 14 in Dodging
 10764 | Lair:4   | Reached skill level 9 in Invocations
 10814 | Lair:4   | Found a frozen archway.
 10910 | IceCv    | Entered an ice cave
 11131 | IceCv    | Found the +7 sceptre of Torment {pain, torment}
 11160 | IceCv    | Reached skill level 10 in Invocations
 11352 | IceCv    | Reached skill level 1 in Armour
 11352 | IceCv    | Reached XP level 13. HP: 65/103 MP: 20/20
 11582 | IceCv    | Received a gift from Okawaru
 11583 | IceCv    | Reached skill level 2 in Armour
 12053 | Lair:4   | Reached skill level 15 in Dodging
 12053 | Lair:4   | Reached skill level 1 in Shields
 12082 | Lair:4   | Reached skill level 2 in Shields
 12384 | Lair:4   | Reached skill level 3 in Shields
 12405 | Lair:4   | Found a staircase to the Slime Pits.
 12498 | Lair:4   | Identified the +1 cloak of the Wild Haggis {Will+ Int+4}
                  | (Okawaru gifted it to you on level 4 of the Lair of Beasts)
 12498 | Lair:4   | Received a gift from Okawaru
 12598 | Lair:4   | Reached skill level 4 in Shields
 12826 | Lair:5   | Entered Level 5 of the Lair of Beasts
 12855 | Lair:5   | Reached skill level 16 in Dodging
 12864 | Lair:5   | Noticed Urug
 12878 | Lair:5   | Killed Urug
 13031 | Lair:5   | Noticed Josephine
 13036 | Lair:5   | Reached skill level 5 in Shields
 13052 | Lair:5   | Killed Josephine
 13155 | Lair:5   | Reached skill level 17 in Dodging
 13367 | Lair:5   | Identified the +2 ring mail of the World {Int+5 Dex+2}
 13460 | Lair:5   | Reached skill level 18 in Dodging
 13469 | Lair:5   | Reached XP level 14. HP: 102/110 MP: 21/21
 13606 | Lair:5   | Reached skill level 11 in Fighting
 13628 | Lair:5   | Received a gift from Okawaru
 13636 | Lair:5   | Found a corrupted altar of Lugonu.
 13636 | Lair:5   | Found a one-way gate to the infinite horrors of the Abyss.
 14256 | Orc:1    | Entered Level 1 of the Orcish Mines
 14280 | Orc:1    | Reached skill level 12 in Fighting
 14283 | Orc:1    | Identified the +1 trident of Inefiudd {freeze, Fly rN+}
                  | (Okawaru gifted it to you on level 1 of the Orcish Mines)
 14283 | Orc:1    | Received a gift from Okawaru
 14873 | Orc:2    | Entered Level 2 of the Orcish Mines
 14907 | Orc:2    | Reached skill level 3 in Armour
 15053 | Orc:2    | Noticed Azrael
 15054 | Arena    | Entered the Arena
 15060 | Arena    | Killed Azrael
 15061 | Arena    | Reached skill level 6 in Shields
 15088 | Orc:2    | Noticed Saint Roka
 15095 | Orc:2    | Found a staircase to the Elven Halls.
 15106 | Orc:2    | HP: 28/115 [orc priest/divine providence (16)]
 15341 | Orc:2    | Noticed Erolcha
 15348 | Orc:2    | Killed Erolcha
 15451 | Orc:2    | Received a gift from Okawaru
 15452 | Orc:2    | Reached skill level 7 in Shields
 15458 | Orc:2    | HP: 19/115 [orc knight/+0 bardiche (20)]
 15783 | Orc:2    | Found Jugov's Armour Shoppe.
 15915 | Orc:2    | Noticed a stone giant
 15919 | Orc:2    | Reached skill level 8 in Shields
 15924 | Orc:2    | Killed a stone giant
 16098 | Orc:2    | Found Wejeluma's Assorted Antiques.
 16103 | Orc:2    | Found Watosuy's Weapon Shoppe.
 16126 | Orc:2    | Received a gift from Okawaru
 16308 | Orc:2    | Found Negap's Armour Shop.
 16408 | Orc:2    | Noticed Jorgrun
 16710 | Orc:2    | Killed Jorgrun
 16711 | Orc:2    | Reached XP level 15. HP: 102/122 MP: 20/22
 16874 | Orc:1    | Upgraded the game from 0.30-a0-390-g80c34de65d to
                  | 0.30-a0-393-g54b8e3be05
 17058 | Orc:2    | Reached skill level 9 in Shields
 17184 | Orc:2    | HP: 22/122 [Saint Roka/+3 vorpal battleaxe (15)]
 17187 | Arena    | Entered the Arena
 17191 | Arena    | HP: 17/122 [Saint Roka/+3 vorpal battleaxe (5)]
 17192 | Arena    | Killed Saint Roka
 17216 | Orc:2    | HP: 19/122 [orc warrior/+0 scimitar[Saint Roka] (5)]
 17670 | Orc:2    | Bought a +1 robe of the Archmagi for 588 gold pieces
 17759 | D:9      | Learned a level 4 spell: Olgreb's Toxic Radiance
 17929 | D:11     | Noticed Psyche
 17935 | D:11     | Killed Psyche
 18057 | D:11     | Reached skill level 13 in Fighting
 18057 | D:11     | Reached skill level 1 in Poison Magic
 18207 | D:11     | Identified the +8 rapier "Rummage" {antimagic, Str+2}
                  | (Okawaru gifted it to you on level 11 of the Dungeon)
 18207 | D:11     | Received a gift from Okawaru
 18380 | D:12     | Noticed Frances
 18415 | D:12     | Killed Frances
 18416 | D:12     | Reached skill level 2 in Poison Magic
 18434 | D:12     | Reached skill level 19 in Dodging
 19074 | D:13     | Found Deuf's Weapon Shop.
 19222 | D:13     | Found Vestrihe's Weapon Boutique.
 19319 | D:13     | Found Tayt's Assorted Antiques.
 19322 | D:13     | Bought a ruby potion for 30 gold pieces
 19322 | D:13     | Bought a faintly glowing leather armour for 238 gold pieces
 19322 | D:13     | Identified the +1 leather armour of Xutsulek {Str+5} (You
                  | bought it in a shop on level 13 of the Dungeon)
 19430 | D:13     | Reached skill level 3 in Poison Magic
 19664 | D:13     | Received a gift from Okawaru
 19665 | D:13     | Reached skill level 4 in Poison Magic
 19830 | D:13     | Found a gate to the Vaults.
 19927 | D:13     | Reached skill level 10 in Shields
 19928 | D:13     | Found Sengyong's Antique Weapon Boutique.
 20176 | D:13     | Reached skill level 5 in Poison Magic
 20435 | D:13     | HP: 31/125 [skeletal warrior/+0 scimitar (19)]
 20760 | D:14     | Reached skill level 6 in Poison Magic
 21154 | D:14     | Found a glowing golden altar of the Shining One.
 21266 | D:15     | Entered Level 15 of the Dungeon
 21314 | D:15     | Reached XP level 16. HP: 131/132 MP: 23/23
 21319 | D:15     | Reached skill level 14 in Fighting
 21319 | D:15     | Reached skill level 5 in Spellcasting
 21520 | D:15     | Found a staircase to the Depths.
 21724 | D:15     | Found a sparkling altar of Nemelex Xobeh.
 21891 | D:15     | Reached skill level 20 in Dodging
 21895 | D:15     | Identified the +0 scale mail "Asseq" {Regen+ Int+8 Dex-5
                  | Stlth-} (Okawaru gifted it to you on level 15 of the
                  | Dungeon)
 21895 | D:15     | Received a gift from Okawaru
 21934 | D:15     | Learned a level 3 spell: Ignite Poison
 22273 | Spider:1 | Entered Level 1 of the Spider Nest
 22306 | Spider:1 | Reached skill level 6 in Spellcasting
 22306 | Spider:1 | Reached skill level 1 in Transmutations
 22327 | Spider:1 | Reached skill level 2 in Transmutations
 22327 | Spider:1 | Reached skill level 1 in Fire Magic
 22512 | Spider:1 | Reached skill level 3 in Transmutations
 22632 | Spider:1 | Reached skill level 2 in Fire Magic
 22636 | Spider:1 | Reached skill level 4 in Transmutations
 22695 | Spider:1 | Reached skill level 5 in Transmutations
 22719 | Spider:1 | Reached skill level 6 in Transmutations
 22811 | Spider:1 | Reached skill level 7 in Transmutations
 22981 | Spider:1 | Reached skill level 8 in Transmutations
 23434 | Spider:2 | Noticed Kirke
 23446 | Spider:2 | Killed Kirke
 23688 | Spider:2 | Reached skill level 21 in Dodging
 24179 | Spider:2 | Received a gift from Okawaru
 24789 | Spider:3 | Reached skill level 22 in Dodging
 24829 | Spider:3 | Reached XP level 17. HP: 120/139 MP: 26/26
 24963 | Spider:3 | HP: 27/139 [radroach (22)]
 25247 | Spider:3 | Paralysed by a jorogumo for 2 turns
 25602 | Spider:3 | Reached skill level 3 in Evocations
 25602 | Spider:3 | Reached XP level 18. HP: 145/145 MP: 27/27
 25603 | Spider:3 | Reached skill level 23 in Dodging
 25603 | Spider:3 | Reached skill level 4 in Evocations
 25603 | Spider:3 | Reached XP level 19. HP: 151/151 MP: 28/28
 25616 | Spider:3 | Identified the +0 robe of Ywoejos {Str+3 Int+4} (Okawaru
                  | gifted it to you on level 3 of the Spider Nest)
 25616 | Spider:3 | Received a gift from Okawaru
 25675 | Spider:3 | Reached skill level 5 in Evocations
 26224 | Spider:4 | Entered Level 4 of the Spider Nest
 26570 | Spider:4 | Identified the +0 kite shield "Teroush" {Drain Slay+2
                  | Stlth+}
 26570 | Spider:4 | Noticed Donald
 26580 | Spider:4 | Reached skill level 7 in Poison Magic
 26591 | Spider:4 | HP: 27/138 [Donald/+1 scimitar of draining (60)]
 26591 | Spider:4 | HP: 5/125 [jumping spider (15)]
 26591 | Spider:4 | Slain by a jumping spider

Illustrated notes

Levels and vault maps discovered:
D:1:      minmay_arrival_diagonal_passages, layout_rooms,
          chequers_ecumenical_altar_simple_redux
D:2:      layout_basic, lexackson_kobold_supper
D:3:      layout_basic, cheibrodos_gnoll_hut, uniq_sigmund, uniq_terence,
          uniq_jessica
D:4:      layout_loops_ring, marbit_many_paths,
          minmay_temple_entry_statues_fountains, chequers_hall_statues_wall_a
D:5:      layout_rooms
D:6:      layout_basic, serial_undead, serial_undead_c, serial_undead_d,
          serial_undead_f, serial_undead_a, serial_undead_e, serial_undead_c,
          nrook_mini_backslash
D:7:      layout_basic, kennysheep_crisscross, uniq_maggie
D:8:      layout_basic, dpeg_oklobed_lair
D:9:      layout_small_grid, mainiacjoe_overflow_swirl, orc_david_3
D:10:     layout_loops_ring, minmay_beelzebubs_servants
D:11:     layout_basic, uniq_psyche
D:12:     layout_basic, uniq_frances
D:13:     layout_basic, hangedman_vaults_entry_quadrant_bands, serial_shops,
          nicolae_lakefront_shop, nicolae_shop_bloodbath_and_beyond,
          kennysheep_mini, shop
D:14:     layout_rooms, nicolae_tso_carved_into_rock
D:15:     hangedman_depths_entry_try_elsewhere_first, layout_loops_ring,
          nemelex_xobeh_ov_fountains_minmay
Temple:   hellmonk_temple_of_storms
Lair:1:   layout_gridlike, infiniplex_staircase_pool_2, lemuel_fruit_fields
Lair:2:   beast_lair_carwin_large_2, layout_regular_city,
          nicolae_spider_entry_tight_spaces
Lair:3:   layout_regular_city, shoals_dummy_entry, kennysheep_rathole,
          lemuel_fruit_fields, serial_bayou_shore_a, grunt_megastairs_2,
          serial_bayou_shore_b
Lair:4:   layout_loops_ring, dpeg_slime_entry_corner,
          portal_ice_cave_demonic_guard, grunt_megastairs_4
Lair:5:   hellmonk_lair_end_abyssal_woods, layout_gridlike, grunt_megastairs_5,
          uniq_urug, uniq_josephine
Spider:1: cheibrodos_spider_silkery
Spider:2: nicolae_spider_hall_of_the_moth_king,
          nicolae_spider_twisty_arc_passages, uniq_kirke
Spider:3: layout_cave_pods
Spider:4: hellmonk_spider_rune_endless_swarm, hellmonk_narrow_tunnel,
          uniq_donald, uniq_louise
Orc:1:    layout_caves
Orc:2:    hellmonk_orc_salted, layout_caves, mines4_lemuel, uniq_jorgrun,
          uniq_saint_roka, uniq_azrael, uniq_erolcha

Skill      XL: |  1  2  3  4  5  6  7  8  9 10 11 12 13 14 15 16 17 18 19 |
---------------+----------------------------------------------------------+-----
Long Blades    | 4 5 7 |  7.0
Fighting       | 4 5 6 8 10 12 13 14 | 14.0
Stealth        | 3 |  3.0
Dodging        | 5 7 10 12 14 18 19 22 23 | 23.7
Polearms       | 3 7 10 11 14 | 14.0
Spellcasting   | 2 3 4 6 |  6.0
Translocations | 2 3 4 |  4.0
Invocations    | 2 3 6 10 | 10.0
Armour         | 1 2 3 |  3.0
Shields        | 5 8 10 | 10.0
Poison Magic   | 6 7 |  7.0
Transmutations | 8 |  8.0
Fire Magic     | 2 |  2.0
Evocations     | 3 4 5 |  5.0

Action                   |  1- 3 |  4- 6 |  7- 9 | 10-12 | 13-15 | 16-18 | 19-21 || total
-------------------------+-------+-------+-------+-------+-------+-------+-------++-------
Melee: Falchion          |   111 |    57 |       |       |       |       |       ||   168
       Punch             |     1 |     1 |     3 |     9 |     1 |       |       ||    15
       Trident           |       |    33 |   103 |   445 |   993 |   411 |    76 ||  2061
Throw: Dart              |       |       |       |     2 |       |       |       ||     2
       Throwing net      |       |       |       |       |     1 |       |       ||     1
 Cast: Blink             |       |       |       |       |     5 |     3 |     1 ||     9
       Olgreb's Toxic Ra |       |       |       |       |       |    25 |    10 ||    35
       Ignite Poison     |       |       |       |       |       |     9 |       ||     9
Invok: Heroism           |       |       |       |     5 |    14 |       |     1 ||    20
       Duel              |       |       |       |     1 |     2 |       |       ||     3
       Finesse           |       |       |       |       |     3 |       |       ||     3
  Use: Potion            |       |     1 |       |     2 |     2 |     3 |       ||     8
       Scroll            |       |       |       |    16 |    10 |     4 |     2 ||    32
 Stab: Sleeping          |     1 |    12 |    12 |    23 |    14 |     2 |     3 ||    67
       Distracted        |       |       |       |    11 |    29 |    10 |     2 ||    52
Armor: Ring mail         |    38 |       |       |       |       |       |       ||    38
       Robe              |     2 |    22 |    10 |    32 |    56 |    30 |     6 ||   158
Dodge: Dodged            |    66 |    93 |    40 |   160 |   508 |   251 |    46 ||  1164
Block: Buckler           |       |       |       |       |   222 |   122 |    32 ||   376

Table legend: (Time is in decaauts)
 A = Elapsed time spent in this place.
 B = Non-inter-level travel time spent in this place.
 C = Inter-level travel time spent in this place.
 D = Time resting spent in this place.
 E = Time spent auto-exploring this place.
 F = Levels seen in this place.
 G = Mean time per level.
                   A        B        C        D        E       F      G
               +--------+--------+--------+--------+--------+-----+--------+
         Total |  25848 |  24553 |   1295 |   5941 |   9537 |  31 |  833.8 |
       Dungeon |  11695 |  10942 |    753 |   1617 |   4729 |  15 |  779.7 |
        Temple |     47 |     47 |      0 |      0 |     18 |   1 |   47.0 |
          Lair |   5532 |   5316 |    216 |    937 |   2399 |   5 | 1106.4 |
   Spider Nest |   4183 |   4083 |    100 |   1216 |   1705 |   4 | 1045.8 |
  Orcish Mines |   3329 |   3105 |    224 |   1648 |    582 |   2 | 1664.5 |
      Ice Cave |   1018 |   1018 |      0 |    511 |    102 |   1 | 1018.0 |
         Arena |     40 |     40 |      0 |     11 |      0 |   3 |   13.3 |
               +--------+--------+--------+--------+--------+-----+--------+

Top non-repeatable levels by time:
   Orc:2: 2356 daAuts
    D:13: 1563 daAuts
Spider:3: 1527 daAuts
Spider:2: 1497 daAuts
  Lair:2: 1307 daAuts
  Lair:5: 1248 daAuts
     D:3: 1237 daAuts
  Lair:4: 1100 daAuts
   IceCv: 1018 daAuts
  Lair:3: 1016 daAuts
    D:10: 994 daAuts
   Orc:1: 973 daAuts
     D:8: 884 daAuts
  Lair:1: 858 daAuts
    D:15: 821 daAuts
